[Event "CCT Chessable Masters Playin Match 2025"]
[Site "Online"]
[Date "2025.02.17"]
[Round "1.2"]
[White "Giri, Anish"]
[Black "Lu, Shanglei"]
[Result "1/2-1/2"]
[Annotator "TA"]
[ECO "A13"]
[WhiteElo "2728"]
[BlackElo "2618"]
[PlyCount "323"]
[EventDate "2025.02.13"]
[EventType "k.o."]
[EventCountry "NET"]
[SourceTitle "playchess.com"]
[Source "ChessBase"]
[SourceQuality "1"]
[TimeControl "600"]

1. c4 Nf6 2. Nf3 e6 3. g3 d5 4. Bg2 dxc4 5. Qa4+ Bd7 6. Qxc4 c5 7. Ne5 Qc8 8. Qd3 Nc6 9. Nxd7 Nxd7 10. O-O Be7 11. Nc3 O-O 12. b3 Rd8 13. Bb2 Nf6 14. Qc2 Nd4 15. Qd1 Qd7 16. Rc1 Rac8 17. d3 b6 18. Qd2 h6 19. Rfd1 Nc6 20. Ne4 Nd5 21. Ba1 Nd4 22. e3 Nc6 23. Qb2 Bf8 24. a3 Qe7 25. h4 Rc7 26. Nd2 Nf6 27. Nf3 Rdc8 28. Rc2 Rd8 29. Ne1 Nd5 30. Rdc1 Qd7 31. Nf3 Rdc8 32. Rd2 Qe7 33. Rdc2 Qd7 34. Bf1 Qe7 35. d4 Nb8 (35... cxd4 {keeps more tension.} 36. Ba6 Ne5 37. Nxd4 Nf3+) 36. dxc5 Rxc5 37. b4 Rxc2 38. Rxc2 Rxc2 39. Qxc2 a5 ({Black should try} 39... Qb7 $14) 40. Qc8 $1 $16 Nd7 41. Bb5 (41. e4 $16 N5f6 42. e5) 41... N7f6 $11 42. bxa5 bxa5 43. a4 Qc7 44. Qxc7 Nxc7 45. Bc4 Bb4 46. Nd4 Ne4 47. Nb3 Bc3 (47... Be1 48. f3 Nxg3 49. Be5 $14) 48. Bd3 Bxa1 $1 49. Bxe4 Bc3 $1 50. Kf1 Bb4 51. Ke2 Na6 52. Bc2 Nc5 53. Nd4 f6 54. h5 Kf7 55. f4 e5 56. Nf5 exf4 57. gxf4 Nd7 58. Bb3+ Kf8 59. Kf3 Nc5 60. Bc2 Nb7 61. Nd4 Nd6 62. Ne6+ Kf7 63. Bb3 g5 (63... f5 $11) 64. Nxg5+ $16 Ke7 65. Ne6 f5 66. Nd4 Kf6 67. Bc2 Bc3 68. Nb3 Bb4 69. Bd3 Nb7 70. Nd4 Nd6 71. Ke2 Bc3 72. Nb3 Nb7 73. Bc2 Bb4 74. Nd4 Nd6 75. Bb3 Bc5 76. Nf3 Ne4 77. Nh4 ({White should play} 77. Ne5 $1 $16) 77... Ng3+ $11 78. Kf3 Nxh5 79. Bc2 Ng7 80. Bd3 Bb6 81. Ke2 Bc5 82. Bb1 Bb6 83. Bc2 Bc5 84. Kf3 Bb6 85. Ng2 Ne6 86. Ne1 Nc5 87. Ng2 Ne6 88. Ke2 Ba7 89. Nh4 Ng7 90. Bb3 Bb6 91. Kd3 Bc5 92. Bd1 Bb6 93. Bf3 Ne6 94. Bd1 Nc5+ 95. Ke2 Ne4 96. Bc2 Nd6 97. Bd3 Bc5 98. Kf3 Bb6 99. Ng2 Nb7 100. Bc2 Nd6 101. Ke2 Bc5 102. Kd3 Bb6 103. Bd1 Ne4 104. Kc4 Ke6 105. Be2 Nd6+ 106. Kc3 Bd8 107. Bf3 Bf6+ 108. Kd3 Kd7 109. Ne1 Kc7 110. Nc2 Kb6 111. Nd4 Kc5 112. Nc6 Nb7 $2 {[%emt 0:00:02][%mdl 8192] [#]} (112... Nc4 $11 {and Black is okay.}) 113. Ne5 $2 ({White has to play} 113. Nb8 $1 $18 ) 113... Bxe5 $11 114. Bxb7 Bc7 115. Bc8 Kb4 116. Bxf5 Kxa4 117. Ke4 Kb4 118. Kf3 Kc5 119. e4 a4 120. Ke3 a3 121. Be6 Kd6 122. Ba2 h5 123. e5+ Ke7 124. Kf3 Kf8 125. Kg3 Kg7 126. Kh4 Kg6 127. Bb1+ Kh6 128. Kg3 Kg7 129. Kh3 Kh6 130. Kg2 Bb8 131. Kg3 Kg7 132. Kf3 Kh6 133. Ba2 Bc7 134. Ke4 h4 135. Kf3 Kh5 136. Bf7+ Kh6 137. Kg4 Kg7 138. Ba2 Kg6 139. Bb1+ Kf7 140. Ba2+ Kg6 $1 141. f5+ Kg7 142. f6+ (142. Kxh4 Bxe5 143. Kg5 Bc3 $17) (142. Kxh4 {simplifies} Bxe5 143. Kg5 Bf6+ 144. Kf4) 142... Kg6 143. Bb1+ (143. f7 $5 Kg7 $8 144. Kxh4 $16) 143... Kf7 144. Kf5 $2 {[%emt 0:00:00][%mdl 8192] [#]} ({But not} 144. Kxh4 Bxe5 145. Kg4 Ke6 $17 (145... Bxf6 146. Ba2+ Ke8 147. Kf3 $17)) (144. Ba2+ $11 Ke8 145. e6 (145. Kxh4 Bxe5 146. Kg5 Bd6 $15)) 144... Bxe5 $1 $19 145. Ba2+ Kf8 146. Kg4 Bg3 $2 (146... Bxf6 $19 147. Kh3 Ke7) 147. Kh3 Be5 148. f7 Bf6 149. Bb3 Be7 150. Bc4 Bd8 151. Bd5 Be7 152. Be6 Bd8 153. Ba2 Be7 154. Kg4 Bd8 155. Kf4 Be7 156. Kf3 Bd8 157. Kg4 Be7 158. Kh3 Bd8 159. Kg2 Be7 160. Kh3 Bd8 161. Kg2 Be7 162. Kh3 1/2-1/2

[Event "CCT Chessable Masters Playin Match 2025"]
[Site "Online"]
[Date "2025.02.17"]
[Round "1.2"]
[White "Esipenko, Andrey"]
[Black "Andreikin, Dmitry"]
[Result "1-0"]
[Annotator "TA"]
[ECO "D35"]
[WhiteElo "2695"]
[BlackElo "2695"]
[PlyCount "117"]
[EventDate "2025.02.13"]
[EventType "k.o."]
[EventCountry "NET"]
[SourceTitle "playchess.com"]
[Source "ChessBase"]
[SourceQuality "1"]
[TimeControl "600"]

1. d4 Nf6 2. c4 e6 3. Nc3 d5 4. cxd5 exd5 5. Bg5 c6 6. e3 Bf5 7. Qf3 Bg6 8. Bxf6 Qxf6 9. Qxf6 gxf6 10. h4 Nd7 {[%emt 0:00:05] D35: Queen's Gambit Declined: Exchange Variation.} 11. Nge2 Bd6 12. h5 $5 {[%emt 0:00:03][%mdl 4] A promising side line.} Bf5 {[%emt 0:00:01] The position is equal.} 13. h6 Rg8 14. f3 O-O-O 15. Kf2 Rde8 $146 (15... Kb8 16. Nf4 Bg6 17. Rd1 Nb6 18. g4 Nc8 19. Nh5 Be7 20. Ng3 Bb4 21. f4 Bxc3 22. bxc3 {1-0 Nett,P (2035)-Irons,R (1906) W-ch WS/H/875 email 2021}) 16. g3 Nb6 17. Nf4 Kb8 (17... Bg6 $11 {remains equal.}) 18. Nh5 $16 {[%emt 0:00:15][%cal Og3g4] Excellent horsemanship.} Re6 {[%emt 0:01:37] [#]} (18... Rd8 $16) 19. Ng7 $1 $18 Bg6 20. Nxe6 fxe6 21. b3 Nd7 22. Ne2 e5 23. Rd1 Kc7 24. Bh3 e4 $2 {[%emt 0:00:23] This costs Black the game.} (24... a5 $16 25. Bg4 Rd8) 25. Nf4 f5 26. Nxg6 hxg6 27. fxe4 dxe4 28. g4 f4 29. g5 Nf8 30. Bg2 f3 31. Bf1 Nh7 32. Bc4 Rf8 33. Rdg1 b5 34. Bf1 (34. Be6 $142) 34... Be7 35. Rh4 Nxg5 36. Rhg4 Rf5 {[%emt 0:00:08] [#]} (36... Rh8 37. Rxg5 Rxh6) 37. h7 $1 Nxh7 38. Rxe4 Bg5 39. Bd3 Bf6 (39... Rf8 {was necessary.} 40. Rg3 c5 41. Rxf3 (41. Bxb5 Nf6 $16) (41. dxc5 Rd8 $18) 41... cxd4 42. Rxd4 Nf6 43. Bxg6 (43. Bxb5 Rh8 $18) 43... Rg8) 40. Reg4 Rh5 41. Bxg6 Rh2+ 42. Kxf3 Nf8 43. Be4 Rxa2 (43... Rh3+ $142 44. Ke2 Rh2+ 45. R4g2 Rxg2+ 46. Bxg2 (46. Rxg2 Kb6 $18) 46... Be7) 44. Rc1 Ra6 45. Rg8 Nd7 46. Re8 Kd6 47. Rc8 c5 48. dxc5+ Ke7 49. c6 Ne5+ 50. Kf4 {[%emt 0:00:01] Strongly threatening c7.} Ra2 51. c7 {[%emt 0:00:01] Intending Rg8 and mate.} Nf7 {[%emt 0:00:19] [#]} 52. Re8+ $3 {[%emt 0:00:03][%mdl 512] White mates.} Kxe8 53. c8=Q+ Bd8 54. Qe6+ Kf8 55. Rc8 Rf2+ 56. Kg3 Rf1 57. Bg6 Rg1+ 58. Kf2 Rxg6 59. Qxg6 {[%emt 0:00:02] Weighted Error Value: White=0.10 (very precise) /Black=0.62  Loses game:     	---       	Black=1      Mistake:       	White=1     	Black=5      Inaccurate:     	White=1     	Black=3      OK:         	White=20    	Black=16     Best:        	White=2     	Black=1      Strong:       	White=1     	---} 1-0

[Event "CCT Chessable Masters Playin Match 2025"]
[Site "Online"]
[Date "2025.02.17"]
[Round "1.2"]
[White "Sevian, Samuel"]
[Black "Vachier-Lagrave, Maxime"]
[Result "1/2-1/2"]
[Annotator "TA"]
[ECO "A20"]
[WhiteElo "2692"]
[BlackElo "2729"]
[PlyCount "60"]
[EventDate "2025.02.13"]
[EventType "k.o."]
[EventCountry "NET"]
[SourceTitle "playchess.com"]
[Source "ChessBase"]
[SourceQuality "1"]
[TimeControl "600"]

1. c4 e5 2. g3 d5 3. cxd5 Qxd5 4. Nf3 Nc6 5. Nc3 Qd8 6. Bg2 {[%emt 0:00:01] A20: English Opening: 1...e5.} Nf6 7. d3 h6 8. O-O {[%emt 0:00:01] The position is equal.} Bd6 9. b3 O-O 10. Bb2 Re8 11. Rc1 Bf5 12. Nd2 Qd7 13. a3 $146 (13. Re1 Bh3 14. Bh1 Rab8 15. Nc4 Ne7 16. Ne4 Nxe4 17. dxe4 Nc6 18. Nxd6 cxd6 19. Qd2 {1-0 Niemann,H (2703)-Vachier Lagrave,M (2718) Chess.com SpeedChess blitz 2024 (1.10)}) 13... Bh3 14. b4 Bxg2 15. Kxg2 Nd4 16. e3 Ne6 17. Nce4 Nxe4 18. Nxe4 Rad8 19. Qb3 f5 20. Nd2 Kh7 21. Nc4 f4 22. h4 {[%emt 0:00:41] Dodges Ng5} (22. Bxe5 $2 Ng5 23. Kh1 (23. Bxf4 Qh3+ 24. Kh1 Nf3 25. g4 Bxf4 26. exf4 Qxh2#) (23. gxf4 $2 Qg4+ 24. Kh1 Qf3+ 25. Kg1 Nh3#) 23... Qh3 $19 (23... Bxe5 24. Nxe5 Rxe5 25. exf4 $17) (23... Rxe5 24. exf4 Qc6+ 25. f3 $16)) 22... Qf7 {[%emt 0:00:29] [#]} (22... Nf8 $11) 23. Qd1 ({But not} 23. Bxe5 b5 24. Nxd6 cxd6 $11) (23. Nxe5 Bxe5 24. Bxe5 fxe3 $15) (23. Qc2 $1 $16) 23... Qf5 $14 24. e4 (24. Qf3 $14) 24... Qf6 $11 25. Qh5 g6 {[%emt 0:01:03] Repels Qf5} 26. Qf3 (26. Bxe5 $11 f3+ (26... Qxe5 27. Qxe5 Bxe5 28. Nxe5 $16) 27. Kh2 (27. Qxf3 $2 {loses.} Bxe5 28. Qe2 Bf4 $19)) 26... h5 (26... c6 $15) 27. Na5 Rb8 28. Nc4 Rbd8 29. Na5 Rb8 30. Nc4 Rbd8 {[%emt 0:00:15] Weighted Error Value: White=0.14 (very precise) /Black=0.12 (very precise)   Mistake:       	White=3     	Black=2      Inaccurate:     	White=1     	Black=2      OK:         	White=11    	Black=13     Best:        	---       	Black=1} 1/2-1/2

[Event "CCT Chessable Masters Playin Match 2025"]
[Site "Online"]
[Date "2025.02.17"]
[Round "1.2"]
[White "Artemiev, Vladislav"]
[Black "Lazavik, Denis"]
[Result "0-1"]
[Annotator "TA"]
[ECO "E12"]
[WhiteElo "2691"]
[BlackElo "2572"]
[PlyCount "142"]
[EventDate "2025.02.13"]
[EventType "k.o."]
[EventCountry "NET"]
[SourceTitle "playchess.com"]
[Source "ChessBase"]
[SourceQuality "1"]
[TimeControl "600"]

1. d4 Nf6 2. Nf3 b6 3. c4 Bb7 4. Nc3 e6 5. a3 g6 6. Bg5 Bg7 {[%emt 0:00:04] The old main line.} 7. e3 O-O {[%emt 0:00:02] E12: Queen's Indian: Unusual White 4th moves, 4 a3, 4 Nc3 Bb7 5 a3 and 4 Nc3 Bb7 .} 8. Be2 d6 (8... h6 $11 {was preferable.} 9. Bf4 d6) 9. O-O h6 {[%emt 0:00:02] The position is equal.} 10. Bh4 g5 11. Bg3 Nh5 12. Rc1 Nd7 13. Nd2 $146 ({Predecessor:} 13. Ne1 Nxg3 14. hxg3 c6 15. e4 c5 16. Nc2 cxd4 17. Nxd4 a6 18. b4 Rc8 19. Qd2 Ne5 20. f3 Nxc4 21. Bxc4 Rxc4 22. Nb3 Qc7 23. Ne2 Rc8 {0-1 Marin Posada,S (2272)-Barria Zuniga,D (2341) Titled Tuesday intern op 21st Jan Late blitz 2025 (3)}) 13... Nxg3 14. hxg3 f5 15. Bf3 c6 16. g4 Nf6 17. d5 fxg4 18. Bxg4 exd5 19. cxd5 c5 (19... Nxg4 $15 20. Qxg4 cxd5) 20. Be6+ $14 Kh8 21. e4 Ba6 22. Re1 Qe8 (22... Nd7 $1 $11) 23. e5 {[%emt 0:00:22] White plays in the center} dxe5 24. Nde4 (24. Rxe5 Nxd5 25. Re1 Nxc3 26. bxc3 Qg6 $17) 24... Rd8 {[%emt 0:00:16] Wards off Nd6} 25. Ng3 {[%emt 0:00:48] A dynamic duo of knights.} (25. b4 $14) 25... Bc4 $11 26. Nf5 {[%emt 0:00:34] [#]} (26. Re3 $1 $11 {keeps the balance.}) 26... Bxd5 $1 27. Nxg7 Kxg7 28. Bxd5 Nxd5 29. Nxd5 {[%emt 0:00:01] and Rc2 should not be overlooked} Qe6 $1 30. Nc7 Qf7 31. Qc2 Qxc7 32. b4 Rd5 33. Red1 Rfd8 34. Rxd5 Rxd5 $17 {[%emt 0:00:00][%mdl 4096] Endgame KQR-KQR. Black is two pawns up.} 35. Qe2 Qd6 36. Re1 $2 (36. Qf3 $17 {was worth a try.}) 36... cxb4 $19 37. axb4 Qxb4 38. Rc1 Qe7 {[%emt 0:00:04] Against Rc7} 39. Qe4 Rd4 40. Qa8 Rd8 41. Qc6 Rd6 42. Qa8 g4 43. g3 h5 44. Qb8 $2 (44. Qe4 $17) 44... Rd7 $2 (44... Rd8 $19 45. Rc8 Rxc8 46. Qxc8 e4 47. Qc3+ Kh7) 45. Rc8 $15 Qf6 46. Rg8+ Kh7 {[%emt 0:00:01] ( -> ...Rd1+)} 47. Rf8 Rf7 48. Rxf7+ Qxf7 49. Qxe5 {[%emt 0:00:01] KQ-KQ. Black is two pawns up.} a5 50. Qd6 ({White should play} 50. Qb5 $15) 50... Qb7 $2 ({Better is} 50... Qb3 $1 $19 51. Qd7+ Kg6) 51. Qe5 $11 Qf7 $2 (51... Qd7 $11) 52. Qd6 $19 a4 $2 (52... Qb3 $1 $19 {...a4 would now be deadly.} 53. Qd7+ Kg6) 53. Qxb6 $11 Qb3 54. Qf6 a3 55. Qf5+ Kg7 56. Qg5+ Kf8 57. Qd8+ Kf7 58. Qd7+ Kf6 59. Qd6+ Kf5 60. Qf4+ Ke6 61. Qe4+ Kd6 62. Qd4+ Kc6 $1 63. Qe4+ (63. Kh2 $17) 63... Kc5 $1 $19 64. Qe5+ {[%emt 0:00:01] [#]} Kc4 $1 65. Qe4+ Kc3 66. Qe5+ Kc2 67. Qe2+ Kb1 68. Qe1+ {[%emt 0:00:00] [#]} Kb2 $1 69. Qd2+ Qc2 70. Qb4+ Ka2 {[%emt 0:00:01] ( -> ...Qb1+)} 71. Qb5 $2 (71. Kg2 $19) 71... Qb1+ {[%emt 0:00:02] Weighted Error Value: White=0.21 (precise) /Black=0.28 (precise)   Missed win:     	---       	Black=3      Mistake:       	White=7     	Black=4      Inaccurate:     	White=6     	Black=1      OK:         	White=23    	Black=18     Best:        	White=6     	Black=8      Strong:       	---       	Black=5} 0-1

[Event "CCT Chessable Masters Playin Match 2025"]
[Site "Online"]
[Date "2025.02.17"]
[Round "1.2"]
[White "Grischuk, Alexander"]
[Black "Sadhwani, Raunak"]
[Result "1-0"]
[Annotator "TA"]
[ECO "C65"]
[WhiteElo "2687"]
[BlackElo "2666"]
[PlyCount "89"]
[EventDate "2025.02.13"]
[EventType "k.o."]
[EventCountry "NET"]
[SourceTitle "playchess.com"]
[Source "ChessBase"]
[SourceQuality "1"]
[TimeControl "600"]

1. e4 e5 2. Nf3 Nc6 3. Bb5 Nf6 4. d3 Bc5 5. Bxc6 dxc6 6. Nbd2 {[%emt 0:00:01][%cal Od2c4] C65: Ruy Lopez: Berlin Defence (3...Nf6), unusual lines and 4 0-0 Bc5.} (6. Nxe5 $2 Qd4 7. Qe2 Qxe5 $19) 6... Be6 7. O-O (7. Nxe5 $2 Qd4 8. Rf1 Qxe5 $19) 7... Bd6 8. d4 {[%emt 0:00:03] White has an edge. 8.Nb3 gains popularity.} Nd7 9. dxe5 Nxe5 10. Nxe5 Bxe5 11. f4 Bd4+ 12. Kh1 f5 13. Qh5+ g6 14. Qe2 fxe4 15. Nxe4 O-O 16. Ng5 $5 $146 {[%emt 0:00:15][%mdl 8] An interesting novelty.} (16. Rd1 $1 $14 Re8 17. Be3 (17. c3 c5 $11)) (16. Rd1 Re8 17. Be3 c5 18. Bxd4 cxd4 19. c3 c5 20. Qb5 Bf7 21. Nxc5 Qb6 22. a4 Rad8 23. cxd4 Qxb5 24. axb5 b6 25. Na4 Bb3 26. Rf1 {½-½ Neagu,L (2398)-Zarnescu,M (2402) ROM-ch62 email 2023}) 16... Bd5 $11 17. c4 $1 Bf7 18. f5 Qe8 19. Qd3 $40 {[%emt 0:01:26][%mdl 128] White attacks.} Rd8 20. Bf4 Bxb2 (20... Qd7 $11) 21. Qh3 $16 h5 22. Rae1 Qd7 {[%emt 0:00:01] [#]} 23. Ne6 $2 (23. fxg6 Bxc4 24. Qxh5 Bxf1 $11) ({Only move:} 23. Qb3 $1 $18 {fxg6 would now be deadly.} Bg7 24. fxg6 (24. Qxb7 $2 Bxc4 25. Ne6 Bxf1 $19) 24... Bxg6 25. Ne6 (25. Qxb7 Rxf4 26. Rxf4 Qd2 $15)) 23... Bxe6 $11 24. fxe6 (24. Rxe6 Bg7 25. Rxg6 (25. fxg6 $2 Rxf4 26. Rfe1 Rdf8 $19) 25... Rxf5 $17) 24... Qe7 25. Qg3 Bg7 (25... Rf6 $11) 26. Qxg6 $16 {[%emt 0:00:24] White attacks} Rf6 27. Qxh5 {[%emt 0:00:10] White has more active pieces.} Rxe6 28. Rxe6 (28. Bg3 $14) 28... Qxe6 $11 29. Bxc7 Qxc4 30. Rg1 Rf8 31. Qd1 (31. Qg5 $11) 31... Qxa2 $15 32. h3 Qf7 33. Bg3 a5 (33... b5 34. Qc2 Qc4 35. Qg6 Rf6) 34. Re1 Ra8 ({Better is} 34... b5 $15 35. Qd6 Re8) 35. Re4 a4 36. Rg4 {[%emt 0:00:02][%cal Og3e5][%mdl 1024] White has compensation.} ({Much weaker is} 36. Rxa4 Rxa4 37. Qxa4 c5 $11) (36. Qg4 {feels hotter.} b5 37. Be5 Re8 38. Rf4) 36... Kh8 $2 {[%emt 0:00:34][%mdl 8192] [#]} (36... Qf6 $14) 37. Rh4+ $1 $18 Kg8 38. Rg4 $2 (38. Qd3 $18 {is the precise move to win.} a3 39. Qh7+ Kf8 40. Bd6+ (40. Rf4 Qxf4 41. Bxf4 a2 $18) 40... Ke8 41. Rf4 Qxf4 42. Bxf4) 38... Kh8 $16 39. Qc2 Bf6 {[%emt 0:00:35] Inhibits Rh4+.} (39... Ra5 $16) 40. Qf5 {[%emt 0:00:02] White threatens Be5 and mate.} Rf8 $2 (40... Rg8 $18) 41. Be5 Bxe5 42. Qxe5+ Kh7 43. Rh4+ (43. Qg5 $142 Qf1+ 44. Kh2 Qf4+ 45. Rxf4 Rxf4 46. Qxf4 a3 47. Qf7+ Kh8 48. g4 (48. Qxb7 Kg8 $18)) 43... Kg6 $18 44. Qh5+ Kg7 45. Qh6+ {[%emt 0:00:03] Weighted Error Value: White=0.34/Black=0.73  Loses game:     	---       	Black=1      Missed win:     	White=2     	---        Mistake:       	White=3     	Black=6      Inaccurate:     	White=2     	Black=1      OK:         	White=11    	Black=12     Best:        	White=3     	Black=7      Strong:       	White=2     	---} 1-0

[Event "CCT Chessable Masters Playin Match 2025"]
[Site "Online"]
[Date "2025.02.17"]
[Round "1.2"]
[White "Yakubboev, Nodirbek"]
[Black "Yu, Yangyi"]
[Result "1/2-1/2"]
[Annotator "TA"]
[ECO "D37"]
[WhiteElo "2659"]
[BlackElo "2715"]
[PlyCount "171"]
[EventDate "2025.02.13"]
[EventType "k.o."]
[EventCountry "NET"]
[SourceTitle "playchess.com"]
[Source "ChessBase"]
[SourceQuality "1"]
[TimeControl "600"]

1. d4 Nf6 2. Nf3 e6 3. Bf4 Be7 4. c4 d5 5. Nc3 O-O 6. e3 c5 7. dxc5 Bxc5 8. Qc2 Nc6 9. Rd1 Qa5 10. a3 Be7 {[%emt 0:00:08] 10...h6 is more fashionable.} 11. Be2 {[%emt 0:00:09] D37: Queen's Gambit Declined: 5 Bf4.} Ne4 12. cxd5 Nxc3 13. bxc3 {[%emt 0:00:01] A sharp opening. White has an edge.} exd5 14. O-O h6 15. a4 Qc5 $146 (15... Rd8 16. Qb3 Qc5 17. Nd4 Na5 18. Qb5 b6 19. Qxc5 Bxc5 20. Bf3 Bb7 21. Nb5 Rd7 22. Bg4 Re7 23. Bf3 Rd7 24. Bg4 Re7 25. Bf3 Rd7 {½-½ Ter Sahakyan,S (2605)-Tan,Z (2514) Speed Chess Q2 blitz 2022 (9)}) 16. Rb1 a6 {[%emt 0:00:24] Prevents Rb5} 17. h3 Bf6 18. Rfc1 Na5 19. Nd4 Bd7 20. Qa2 Rfd8 21. Rb4 Rac8 22. Qb1 Be8 23. Kh2 Bd7 24. Bd3 Qe7 25. Rb6 Be5 26. Bxe5 Qxe5+ 27. Kg1 Rc7 (27... Qe7 {simplifies} 28. Qb4 Qxb4 29. Rxb4 Rc5) 28. Qb4 Nc6 29. Qb2 Na5 30. Qb4 Nc6 31. Nxc6 Bxc6 32. Qd4 Qg5 33. Rcb1 Rdc8 34. h4 Qe7 35. Bf5 Re8 36. a5 {[%emt 0:00:13][%csl Ob7,Od5] Black has weak pawns} Qe5 ({Black should play} 36... Bb5 $11) 37. Bd3 $14 h5 38. R1b4 Qxd4 39. cxd4 Kf8 40. Rb2 Ke7 41. f3 Kd8 42. Kf2 g6 (42... Ree7 $14) 43. Rc2 $16 Re6 44. Rc5 (44. e4 $1 $16) 44... Rd6 $1 $14 45. Bb1 {[%emt 0:00:05] White is much more active.} Re7 46. Ba2 Kc7 (46... Rc7 $14) 47. Bb3 (47. e4 $1 $18 dxe4 48. d5 e3+ 49. Ke1 (49. Ke2 Re5 $18)) 47... Kb8 $2 (47... Kd7 $16) 48. Ba4 $18 Ree6 $2 (48... Kc7 {was necessary.} 49. Bxc6 Rxc6) 49. Bxc6 Rxc6 50. Rbxc6 ({Weaker is} 50. Rxd5 Rxb6 51. axb6 Rxb6 $14) (50. Rcxc6 $18 {and the rest is easy.} Rxc6 51. Rxc6 bxc6 52. Kg3) 50... bxc6 {[%emt 0:00:01][%mdl 4096] Endgame KR-KR} 51. Rc3 Kc7 52. Rb3 c5 53. dxc5 Kc6 54. g4 Kxc5 55. Rb7 hxg4 56. fxg4 Rf6+ 57. Kg3 Kc4 $2 {[%emt 0:00:11] [#]} (57... Rf1 $16) 58. Rb6 $1 Rf1 59. Rxa6 Kd3 {[%emt 0:00:01] [#]} 60. Kg2 $2 (60. Rb6 $1 $18) 60... Ra1 $2 (60... Ke2 $1 $11) 61. Kf2 $2 (61. h5 $18) 61... Ra2+ $16 62. Kf3 Re2 63. Rf6 $2 (63. h5 $18) 63... Rxe3+ $11 64. Kf2 {[%emt 0:00:00][%cal Of6f3] and Rf3! should not be overlooked} Rh3 $2 (64... Re2+ $11 65. Kg3 d4) 65. a6 $2 ({And not} 65. Rxf7 Rxh4 66. Rf3+ Ke4 $11) (65. Rf3+ $18 Rxf3+ 66. Kxf3) 65... Rxh4 {[%emt 0:00:01] The position is equal.} 66. a7 (66. Rxf7 Rh2+ 67. Kf3 Ra2) 66... Rh8 (66... Rh2+ 67. Ke1 Ra2 68. Rf3+ Ke4 69. Rxf7) 67. Rxf7 d4 68. Kf3 g5 69. Rg7 Ra8 70. Rd7 Rf8+ 71. Kg3 Ke3 72. Rb7 Ra8 73. Re7+ Kd2 74. Kf3 d3 75. Ke4 Rd8 76. Rd7 Re8+ 77. Kf5 Kc2 78. Rc7+ Kd1 79. Re7 Ra8 80. Kxg5 d2 81. Kf6 Kc1 82. Rc7+ Kb1 83. Rd7 Kc1 84. Rc7+ Kb1 85. Rb7+ Kc1 86. Rc7+ {[%emt 0:00:00] Weighted Error Value: White=0.20 (precise) /Black=0.36  Loses game:     	---       	Black=4      Missed win:     	White=5     	---        Mistake:       	White=2     	Black=4      Inaccurate:     	White=5     	Black=3      OK:         	White=21    	Black=34     Best:        	White=4     	Black=8      Strong:       	White=1     	Black=1} 1/2-1/2

[Event "CCT Chessable Masters Playin Match 2025"]
[Site "Online"]
[Date "2025.02.17"]
[Round "1.3"]
[White "Vachier-Lagrave, Maxime"]
[Black "Sevian, Samuel"]
[Result "0-1"]
[Annotator "TA"]
[ECO "C49"]
[WhiteElo "2729"]
[BlackElo "2692"]
[PlyCount "76"]
[EventDate "2025.02.13"]
[EventType "k.o."]
[EventCountry "NET"]
[SourceTitle "playchess.com"]
[Source "ChessBase"]
[SourceQuality "1"]
[TimeControl "600"]

1. e4 e5 2. Nf3 Nc6 3. Nc3 Nf6 4. Bb5 Bb4 5. O-O O-O 6. d3 d6 7. Ne2 Ne7 8. c3 Ba5 9. Ng3 c6 10. Ba4 Ng6 11. d4 Re8 12. Bc2 Bc7 13. Re1 h6 14. h3 Be6 15. Be3 {[%emt 0:00:16] C49: Four Knights: 4 Bb5 Bb4.} a5 16. a4 Qe7 17. Nf5 $146 {[%emt 0:00:08] White is slightly better.} (17. Qe2 Rad8 18. Rad1 Bc8 19. Bc1 Nh7 20. Bb3 Be6 21. Qc2 Nf4 22. Bxf4 exf4 23. Nf1 {½-½ Maze,S (2608)-Deepan Chakkravarthy,J (2471) London Classic op 8th 2016 (3)}) 17... Qf8 18. Qd2 Rad8 19. Nxh6+ gxh6 20. Bxh6 Qe7 21. Bg5 Kg7 22. Nh4 Nxh4 23. Bxh4 Rh8 24. Qg5+ Kf8 25. Qg3 Rh6 26. d5 Bc8 $19 27. f4 (27. Re3 Rg6 (27... cxd5 28. exd5 Ke8 29. Bg5 $11) 28. Bg5) 27... Rg6 (27... cxd5 28. exd5 Rh5 29. Rad1 $11) 28. Bg5 (28. Qh2 {was necessary.}) 28... exf4 (28... cxd5 29. exd5 Rxg5 30. fxg5 Nxd5 31. Rf1 $17) 29. Qh4 {[%emt 0:00:01] and e5 would now be decisive} Qe5 (29... cxd5 $2 {too greedy.} 30. exd5 Rxg5 31. Rxe7 Bb6+ 32. Kh1 Kxe7 33. Qxg5 $18) 30. Bxf4 Qh5 31. Bg3 {[%emt 0:00:20] [#]} Bxh3 $1 {[%emt 0:00:08][%mdl 512] And now ...Qxh4 would win.} 32. Kh2 (32. Qxh5 Nxh5) 32... Bd7 {[%emt 0:00:09] Black is clearly winning.} 33. Qxh5 Nxh5 34. Bh4 Re8 35. g3 Rh6 36. Kg2 {[%emt 0:00:10] [#]} Nf4+ $1 37. Kf3 (37. gxf4 Rxh4) 37... Ng6 38. Bg5 Rh2 {[%emt 0:00:01] White got outplayed after the opening.   Weighted Error Value: White=0.44/Black=0.04 (flawless)   Mistake:       	White=3     	---        Inaccurate:     	White=4     	---        OK:         	White=7     	Black=19     Best:        	White=2     	Black=2} 0-1